 Dungeon Crawl Stone Soup version 0.24-a0-280-g7cec4da (webtiles) character file.

Game seed: 18330304557507813194

356 Coldstonesans the Ducker (level 6, 0/28 HPs)
             Began as a Felid Transmuter on May 15, 2019.
             Was a Believer of Zin.
             Splashed by a jelly's acid (8 damage)
             ... on level 8 of the Dungeon.
             The game lasted 00:16:51 (5695 turns).

Coldstonesans the Ducker (Felid Transmuter)         Turns: 5695, Time: 00:16:53

Health: 0/28       AC: -2    Str:  6    XL:     6   Next: 36%
Magic:  21/22      EV: 23    Int: 19    God:    Zin [**....]
Gold:   297        SH:  0    Dex: 17    Spells: 6/13 levels left
                                        Lives:  0   Deaths: 2

rFire    . . .     SeeInvis +     - Unarmed
rCold    . . .     Gourm    .   (shield unavailable)
rNeg     . . .     Faith    .   (armour unavailable)
rPois    .         Spirit   .   (helmet unavailable)
rElec    .         Reflect  .   (cloak unavailable)
rCorr    .         Harm     .   (gloves unavailable)
MR       .....                  (boots unavailable)
Stlth    ++........             i - amulet of regeneration
HPRegen  0.49/turn              l - ring of magical power
MPRegen  0.18/turn              e - +3 ring of intelligence

@: corroded, quick
A: very small, no armour, no weapons or thrown items, stealth, claws 1, fangs 3,
see invisible, carnivore, speed 1, shaggy fur 2, slow metabolism 1, sharp paws
a: Recite, Vitalisation, Donate Gold, Renounce Religion


You were on level 8 of the Dungeon.
You worshipped Zin.
Zin was pleased with you.
You were not hungry.

You visited 2 branches of the dungeon, and saw 9 of its levels.

You collected 329 gold pieces.
You donated 32 gold pieces to Zin.

Inventory:

Missiles
 a - 51 arrows
Jewellery
 e - a +3 ring of intelligence (right paw)
 i - an amulet of regeneration (around neck)
 l - a ring of magical power (left paw)
 w - an uncursed ring of poison resistance {unknown}
 A - an uncursed amulet of rage
 B - an uncursed ring of wizardry
Wands
 u - a wand of enslavement (8)
Scrolls
 b - a scroll of identify
 d - 3 scrolls of remove curse {unknown}
 n - a scroll of fog
 p - a scroll of noise {unknown}
 r - a scroll of magic mapping {unknown}
 v - 2 scrolls of random uselessness
 y - a scroll of acquirement {unknown}
Potions
 f - a potion of heal wounds {unknown}
 g - 2 potions of agility
 j - 2 potions of mutation {unknown}
 m - a potion of degeneration {unknown}
 o - a potion of flight
 q - 2 potions of lignification {unknown}
 s - a potion of resistance {unknown}
 t - 2 potions of brilliance {unknown}
 x - a potion of haste
 z - a potion of ambrosia {unknown}
Comestibles
 c - 14 rations


   Skills:
 + Level 3.8 Fighting
 * Level 7.5 Dodging
 - Level 3.0 Unarmed Combat
 + Level 4.0 Spellcasting
 * Level 1.0 Hexes
 - Level 5.6 Transmutations
 + Level 1.6 Invocations


You had 6 spell levels left.
You knew the following spells:

 Your Spells              Type           Power        Failure   Level  Hunger
a - Confuse               Hex            #.......     26%         3    ###....
b - Sticks to Snakes      Tmut           ####....     1%          2    ##.....
d - Confusing Touch       Hex            #.....       9%          1    None
e - Summon Small Mammal   Summ           #...         14%         1    None

Your spell library contained the following spells:

 Spells                   Type           Power        Failure   Level  Hunger
 Beastly Appendage        Tmut           ####..       1%          1    None
 Spider Form              Tmut/Pois      ##........   13%         3    ###....
 Animate Skeleton         Necr           N/A          14%         1    None
 Apportation              Tloc           #.....       14%         1    None
 Blade Hands              Tmut           ####......   36%         5    ######.
 Gell's Gravitas          Tloc           #.........   38%         3    ###....
 Ice Form                 Ice/Tmut       ##......     41%         4    ####...
 Petrify                  Tmut/Erth      ##......     41%         4    ####...
 Yara's Violent Unravell  Hex/Tmut       ###.......   67%         5    ######.
 Metabolic Englaciation   Hex/Ice        #.........   97%         5    ######.


Dungeon Overview and Level Annotations

Branches:
Dungeon (8/15)             Temple (1/1) D:5
   Lair: D:8-11

Altars:
Ashenzari
Fedhas
Gozag
Kikubaaqudgha
Qazlal
Sif Muna
Trog
Xom
Yredelemnul
Zin

Annotations:
D:3 1 runed translucent door, Crazy Yiuf
D:6 2 transporters


Innate Abilities, Weirdness & Mutations

You cannot wear armour.
You are incapable of wielding weapons or throwing items.
Your paws allow you to move quietly. (Stealth)
You have sharp claws.
You have razor-sharp teeth.
You have supernaturally acute eyesight. (SInv)
You are carnivorous and can eat meat at any time.
You cover ground quickly.
You are covered in thick fur. (AC +2)
You have a slow metabolism.
Your sharp claws are effective at attacking unaware monsters.


Message History

The iguana closely misses you.
You pounce on the helpless iguana from behind!
You scratch the iguana. You bite the iguana.
You kill the iguana!
Your Hexes skill increases to level 1!
You barely miss the jelly.
The jelly is almost dead.
The jelly barely misses you.
Things that are here:
3 chunks of flesh; an iguana skeleton
Casting: Confusing Touch (safe; 9% risk of failure)
Confirm with . or Enter, or press ? or * to list all spells.
Your paws begin to glow red.
You scratch the jelly but do no damage.
The jelly appears confused.
The acid corrodes you!
Your paws burn!
The jelly is almost dead.
The jelly hits you.
* * * LOW HITPOINT WARNING * * *
You are splashed with acid!
You die...

#.# # #.#
#. #.#
###.# #†#
#..... #.#
#.....###.#
#.......#.#
#.....#.#J#
#.... #.@.#
#### #.###
#.########
#.<.......
#......###
#......#
#......#
.........
##.##.####.


You could see a jelly (confused).

Vanquished Creatures
  A phantom (D:5)
  A sky beast (D:7)
  2 ogres
  Blork the orc (D:6)
  A howler monkey (D:6)
  A hound (D:6)
  Jessica (D:3)
  Natasha (D:3)
  2 bullfrog skeletons
  2 iguanas (D:8)
  2 orc wizards (D:5)
  2 worker ants
  A worker ant zombie (D:7)
  3 adders
  4 shadow imps
  3 dart slugs
  5 leopard geckos
  6 orcs
  13 giant cockroaches
  8 goblins
  7 hobgoblins
  2 quokkas
  2 ball pythons
  4 bats (D:1)
  4 frilled lizards
  A jackal zombie (D:3)
  10 kobolds
  8 rats
98 creatures vanquished.

Vanquished Creatures (collateral kills)
  2 ogres (D:4)
  A bullfrog (D:7)
  An orc priest (D:5)
  An iguana (D:4)
  A leopard gecko (D:3)
  4 orcs (D:5)
  6 giant cockroaches (D:3)
16 creatures vanquished.

Vanquished Creatures (others)
  A wizard (D:4)
1 creature vanquished.

Grand Total: 115 creatures vanquished

Notes
Turn   | Place    | Note
-------+----------+-------------------------------------------
     0 | D:1      | Coldstonesans the Felid Transmuter began the quest for the
                  | Orb.
     0 | D:1      | Reached XP level 1. HP: 9/9 MP: 4/4
    69 | D:1      | Reached skill level 3 in Dodging
    73 | D:1      | Reached XP level 2. HP: 11/12 MP: 4/6
   548 | D:1      | Reached XP level 3. HP: 15/15 MP: 7/7
  1574 | D:2      | Learned a level 2 spell: Sticks to Snakes
  1578 | D:2      | Learned a level 3 spell: Spider Form
  2026 | D:3      | Noticed Natasha
  2038 | D:3      | Killed Natasha
  2038 | D:3      | Reached skill level 4 in Dodging
  2038 | D:3      | Reached XP level 4. HP: 7/19 MP: 8/8
  2279 | D:3      | Found a runed translucent door.
  2280 | D:3      | Noticed Crazy Yiuf
  2441 | D:3      | Noticed Jessica
  2448 | D:3      | Killed Jessica
  2625 | D:3      | Reached XP level 5. HP: 22/22 MP: 9/9
  2998 | D:4      | Noticed an ogre
  3141 | D:4      | Noticed an ogre
  3205 | D:4      | Found a stormy altar of Qazlal.
  3314 | D:4      | Noticed an ogre
  3378 | D:4      | Killed an ogre
  3552 | D:4      | Reached skill level 5 in Dodging
  3621 | D:4      | Gained mutation: You are covered in thick fur. (AC +2)
                  | [Felid growth]
  3621 | D:4      | Reached XP level 6. HP: 27/27 MP: 11/11
  3953 | D:4      | Found a bloodstained altar of Trog.
  3982 | D:4      | Noticed a wizard
  3989 | D:4      | Killed a wizard
  4020 | D:5      | Entered Level 5 of the Dungeon
  4115 | D:5      | Reached skill level 6 in Dodging
  4115 | D:5      | Reached skill level 5 in Transmutations
  4115 | D:5      | Reached XP level 7. HP: 17/31 MP: 12/12
  4286 | D:5      | Learned a level 1 spell: Confusing Touch
  4380 | D:5      | Found a staircase to the Ecumenical Temple.
  4776 | Temple   | Entered the Ecumenical Temple
  4814 | Temple   | Became a worshipper of Zin the Law-Giver
  4814 | Temple   | Reached * piety under Zin
  4840 | Temple   | Learned a level 1 spell: Summon Small Mammal
  4862 | D:6      | Found a transporter.
  4862 | D:6      | Noticed a kobold demonologist
  4865 | D:6      | Found a transporter.
  5172 | D:6      | Reached ** piety under Zin
  5206 | D:6      | Noticed Blork the orc
  5227 | D:6      | Killed Blork the orc
  5249 | D:6      | Reached skill level 7 in Dodging
  5249 | D:6      | Reached skill level 1 in Invocations
  5423 | D:6      | Slain by an ice beast
  5424 | D:6      | Reached XP level 6. HP: -2/28 MP: 21/21
  5475 | D:7      | Found an ancient bone altar of Kikubaaqudgha.
  5504 | D:7      | Noticed a sky beast
  5515 | D:7      | Noticed an unseen horror
  5554 | D:7      | Killed a sky beast
  5554 | D:7      | Reached XP level 7. HP: 16/31 MP: 13/13
  5558 | D:7      | Slain by an unseen horror
  5559 | D:7      | Reached XP level 6. HP: 0/28 MP: 19/21
  5566 | D:7      | Learned a level 3 spell: Confuse
  5599 | D:7      | Noticed a water moccasin
  5688 | D:8      | Reached skill level 1 in Hexes
  5695 | D:8      | Splashed by a jelly's acid

Levels and vault maps discovered:
D:1:      matt_arrival_spirals, layout_basic
D:2:      layout_loops_cross
D:3:      minmay_roachtagon, layout_basic, uniq_jessica,
          uniq_crazy_yiuf_cottage, uniq_natasha
D:4:      layout_basic, nicolae_qazlal_general_emergency, chequers_arboretum,
          trog_wizard
D:5:      layout_loops_ring, temple_fountains, first_ration
D:6:      gammafunk_wand_slinger, layout_loops_ring, uniq_blork_the_orc
D:7:      layout_layer_cave, lemuel_doored_altar, nemelex_spade_bored_becter
D:8:      layout_loops_ring, uniq_erica
Temple:   kb_temple_of_zot

Skill      XL: |  1  2  3  4  5  6  7 |
---------------+----------------------+-----
Dodging        | 3 4 5 6 7 |  7.5
Transmutations | 3 4 5 |  5.6
Fighting       | 2 3 |  3.8
Spellcasting   | 4 |  4.0
Invocations    | 1 |  1.6
Hexes          | 1 |  1.0
Unarmed Combat | |  3.0

Action                   |  1- 3 |  4- 6 |  7- 9 || total
-------------------------+-------+-------+-------++-------
Melee: Unarmed           |   109 |   219 |   141 ||   469
       Headbutt          |     7 |    21 |     4 ||    32
       Bite              |     6 |    12 |    15 ||    33
       Punch             |     1 |     3 |       ||     4
 Cast: Beastly Appendage |    11 |    13 |     3 ||    27
       Sticks to Snakes  |     3 |    13 |     7 ||    23
       Confusing Touch   |       |     8 |    15 ||    23
Evoke: Wand              |       |     3 |       ||     3
  Use: Scroll            |     2 |       |     9 ||    11
       Potion            |       |     3 |       ||     3
 Stab: Sleeping          |     6 |     6 |     1 ||    13
       Distracted        |       |     1 |     1 ||     2
       Confused          |       |     6 |     3 ||     9
  Eat: Chunk             |     4 |    10 |     3 ||    17
Armor: Skin              |     3 |     8 |     6 ||    17
Dodge: Dodged            |    75 |   206 |   114 ||   395

Table legend:
 A = Non-vault XP
 B = Vault XP
 C = Vault XP percentage of total XP
 D = Non-vault monster count
 E = Vault monster count
 F = Vault count percentage of total count
                 A         B        C        D         E       F
            +---------+---------+-------+---------+---------+-------
      Total |    1301 |     190 |  12.7 |      98 |      16 |  14.0
            +---------+---------+-------+---------+---------+-------
        D:1 |      48 |       0 |   0.0 |      27 |       0 |   0.0
        D:2 |      30 |       0 |   0.0 |      11 |       0 |   0.0
        D:3 |      36 |      91 |  71.7 |      20 |      15 |  42.9
        D:4 |     392 |       0 |   0.0 |       9 |       0 |   0.0
        D:5 |     392 |       0 |   0.0 |      16 |       0 |   0.0
        D:6 |     139 |      99 |  41.6 |       8 |       1 |  11.1
        D:7 |     197 |       0 |   0.0 |       5 |       0 |   0.0
        D:8 |      67 |       0 |   0.0 |       2 |       0 |   0.0
            +---------+---------+-------+---------+---------+-------
